 Dungeon Crawl Stone Soup version 0.26-a0-651-gb41185065b (webtiles) character file.

Game seed: 16559925411528098761

4 kae the Ruffian (level 1, -6/16 HPs)
             Began as a Draconian Transmuter on Oct 12, 2020.
             Mangled by a gnoll
             ... wielding a +0 spear
              (12 damage)
             ... on level 1 of the Dungeon.
             The game lasted 00:00:10 (335 turns).

kae the Ruffian (Draconian Transmuter)               Turns: 335, Time: 00:00:11

Health: -6/16      AC:  4    Str: 12    XL:     1   Next: 50%
Magic:  2/3        EV: 12    Int: 13    God:
Gold:   54         SH:  0    Dex: 11    Spells: 3/4 levels left

rFire    . . .     SeeInvis .     - Unarmed
rCold    . . .     Faith    .   (no shield)
rNeg     . . .     Spirit   .   (armour unavailable)
rPois    .         Reflect  .   (helmet currently unavailable)
rElec    .         Harm     .   (no cloak)
rCorr    .         Rampage  .   (no gloves)
MR       .....                  (boots currently unavailable)
Stlth    +.........             (no amulet)
HPRegen  0.05/turn              (no ring)
MPRegen  0.08/turn              (no ring)

@: appendages
A: unfitting armour, horns 2, talons 2, cold-blooded, AC +4
a: End Transformation


You were on level 1 of the Dungeon.
You had grown temporary horns.
You had grown temporary talons.
You visited 1 branch of the dungeon, and saw 1 of its levels.

You collected 54 gold pieces.

Inventory:

Scrolls
 a - a scroll of identify {unknown}
 b - a scroll of random uselessness {unknown}
 d - a scroll of magic mapping {unknown}
Potions
 c - a potion of lignification {unknown}


   Skills:
 - Level 1.1 Fighting
 - Level 1.7 Dodging
 * Level 3.2 Unarmed Combat
 - Level 2.0 Spellcasting
 + Level 2.1 Transmutations


You had 3 spell levels left.
You knew the following spells:

 Your Spells              Type           Power        Failure   Level
a - Beastly Appendage     Tmut           #.....       11%         1

Your spell library contained the following spells:

 Spells                   Type           Power        Failure   Level
 Wereblood                Tmut           #.......     16%         2
 Spider Form              Tmut/Pois      #.........   45%         3
 Ice Form                 Ice/Tmut       #.......     86%         4
 Blade Hands              Tmut           #.........   96%         5


Dungeon Overview and Level Annotations

Branches:
Dungeon (1/15)

Altars:


Innate Abilities, Weirdness & Mutations

Your plain brown scales are hard. (AC +4)
You cannot fit into any form of body armour.
You are cold-blooded and may be slowed by cold attacks.
You have a pair of horns on your head.
You have razor-sharp toenails.


Message History

A gnoll is nearby!
A gnoll is nearby!
A gnoll is nearby!
A kobold comes into view.
Casting: Beastly Appendage (safe; 11% risk of failure)
Confirm with . or Enter, or press ? or * to list all spells.
You grow a pair of large bovine horns.
Your feet morph into talons.
The gnoll hits you from afar with a +0 spear.
A goblin comes into view. It is wielding a +0 dagger.
The goblin shouts!
The gnoll closely misses you.
You barely miss the gnoll. Your kick misses the gnoll.
You headbutt the gnoll, but do no damage.
The gnoll hits you with a +0 spear.
You hit the gnoll. You claw the gnoll, but do no damage.
Your headbutt misses the gnoll.
The gnoll is heavily wounded.
The kobold closely misses you. The gnoll hits you with a +0 spear!
Ouch! That really hurt!
You die...

#.......### #.........
#........ .####.......
#...g...##.........≈$.
#....?............≈≈≈.
#................§≈§≈≈
#....g..........≈§....
##@K........≈≈≈...§
##..........≈≈≈§≈.≈§
##..........≈....§...
###..#.......≈§§....<..
#....#....§§≈≈≈§§......
#.......§.§≈..§§§§§....
#.....#...§≈≈.§§§≈≈...≈
#..†.#..§§≈§≈≈.§§≈≈≈.§≈
#..†.#...§§.§..........


You could see a gnoll, a goblin and a kobold.

Vanquished Creatures
  A giant cockroach (D:1)
  3 kobolds (D:1)
4 creatures vanquished.

Notes
Turn   | Place    | Note
-------+----------+-------------------------------------------
     0 | D:1      | kae the Draconian Transmuter began the quest for the Orb.
     0 | D:1      | Reached XP level 1. HP: 16/16 MP: 3/3
   335 | D:1      | Mangled by a gnoll

Illustrated notes

Levels and vault maps discovered:
D:1:      onia_arrival_pyramid, layout_rooms

Action                   || total
-------------------------++-------
Melee: Unarmed           ||    11
       Kick              ||     5
       Headbutt          ||     4
       Tailslap          ||     2
 Cast: Beastly Appendage ||     3
Armor: Skin              ||     3
Dodge: Dodged            ||     8

Table legend: (Time is in decaauts)
 A = Elapsed time spent in this place.
 B = Non-inter-level travel time spent in this place.
 C = Inter-level travel time spent in this place.
 D = Time resting spent in this place.
 E = Time spent auto-exploring this place.
 F = Levels seen in this place.
 G = Mean time per level.
                   A        B        C        D        E       F      G
               +--------+--------+--------+--------+--------+-----+--------+
         Total |    334 |    334 |      0 |      0 |    303 |   1 |  334.0 |
       Dungeon |    334 |    334 |      0 |      0 |    303 |   1 |  334.0 |
               +--------+--------+--------+--------+--------+-----+--------+

Top non-repeatable levels by time:
     D:1: 334 daAuts
